[Event "Norway Eliteserien 2023-24"]
[Site "Oslo"]
[Date "2024.03.10"]
[Round "9.56"]
[White "Hammari, Vinjar"]
[Black "Dahl, Max"]
[Result "1/2-1/2"]
[ECO "B24"]
[WhiteElo "1875"]
[BlackElo "2207"]
[Annotator "RC"]
[PlyCount "72"]
[EventDate "2023.10.27"]
[EventType "team-tourn"]
[EventCountry "NOR"]
[SourceTitle "playchess.com"]
[Source "ChessBase"]
[SourceQuality "1"]
[TimeControl "40/5400+30:1800+30"]

1. e4 c5 2. Nc3 e6 3. Nge2 d5 4. exd5 exd5 5. d4 Nf6 6. g3 Nc6 7. Bg2 cxd4 8. Nxd4 Bb4 9. O-O Bxc3 10. bxc3 O-O 11. Bg5 h6 12. Bxf6 Qxf6 13. Bxd5 Rd8 14. Bxc6 bxc6 15. Qf3 Qxf3 16. Nxf3 c5 17. Rfd1 Rxd1+ 18. Rxd1 Be6 19. Ne5 Bxa2 20. Nd3 Rb8 21. Nxc5 Rb1 22. Rxb1 Bxb1 23. Kf1 Bxc2 24. Ke2 Kf8 25. Kd2 Bf5 26. c4 Ke7 27. Kc3 Kd6 28. Nb7+ Kc7 29. Na5 Kb6 30. Kb4 Be6 31. Nb3 h5 32. h4 g6 33. Na5 Bd7 34. Nb3 Be6 35. Na5 Bd7 36. Nb3 Be6 1/2-1/2